 Dungeon Crawl Stone Soup version 0.30-a0-305-g026cb31310 (webtiles) character file.

Game seed: 15571334308810137247

3924 funkygono the Arsonist (level 10, -11/56 HPs)
             Began as a Gargoyle Fire Elementalist on Oct 21, 2022.
             Was a Believer of Vehumet.
             Mangled by an orc warrior
             ... wielding a +0 bardiche
              (29 damage)
             ... in a bailey.
             The game lasted 00:18:19 (7663 turns).

funkygono the Arsonist (Gargoyle Fire Elementalist) Turns: 7663, Time: 00:18:20

Health: -11/56     AC: 16    Str: 12    XL:     10   Next: 20%
Magic:  11/21      EV: 12    Int: 20    God:    Vehumet [**....]
Gold:   474        SH:  0    Dex: 10    Spells: 9/24 levels left

rFire   + . .      SeeInvis +    F - staff of earth
rCold   x . .      Faith    .    (no shield)
rNeg    + . .      Spirit   .    A - +3 leather armour
rPois   ∞          Reflect  .    t - +0 helmet
rElec   +          Harm     .    s - +1 cloak
rCorr   .          Rampage  .    (no gloves)
Will    .....                    (no boots)
Stlth   +.........               q - amulet of magic regeneration
HPRegen 0.29/turn                C - ring of see invisible
MPRegen 0.57/turn                j - ring of fire

@: very slightly contaminated, very slow
A: sickness immunity, AC +7, negative energy resistance 1, electricity
resistance, torment resistance 1, petrification resistance
a: Renounce Religion


You were in a bailey.
You worshipped Vehumet.
Vehumet was pleased with you.
You visited 2 branches of the dungeon, and saw 9 of its levels.
You also visited: Bailey.

You collected 474 gold pieces.

Inventory:

Hand Weapons
 h - a +0 mace
 m - a +0 whip
 u - a +5 dire flail
Armour
 a - a +0 robe
 l - a +2 ring mail of cold resistance
 p - a +1 hat
 s - a +1 cloak (worn)
 t - a +0 helmet (worn)
 A - a +3 leather armour (worn)
 B - +0 acid dragon scales
Magical Staves
 r - a staff of death
 F - a staff of earth (weapon)
Jewellery
 c - a +4 ring of slaying
 e - a +6 ring of dexterity
 j - a ring of fire (right hand)
 q - an amulet of magic regeneration (around neck)
 C - a ring of see invisible (left hand)
Wands
 x - a wand of iceblast (3)
 y - a wand of quicksilver (23)
Scrolls
 g - a scroll of fear
 k - 2 scrolls of teleportation
 E - a scroll of fog
Potions
 b - 2 potions of magic
 d - a potion of cancellation
 f - 9 potions of curing
 i - 3 potions of attraction
 n - a potion of mutation {unknown}
 o - 2 potions of brilliance
 v - 4 potions of lignification
 w - 2 potions of heal wounds
 z - a potion of resistance {unknown}
 D - 2 potions of haste


   Skills:
 + Level 3.0 Fighting
 + Level 4.8 Maces & Flails
 + Level 3.3 Dodging
 - Level 2.1 Stealth
 + Level 7.8 Spellcasting
 + Level 5.9 Conjurations
 + Level 8.0 Fire Magic
 + Level 3.5 Earth Magic


You had 9 spell levels left.
You knew the following spells:

 Your Spells              Type           Power      Damage    Failure   Level
a - Foxfire               Conj/Fire      100%       2x1d9     1%          1
b - Scorch                Fire           100%       2d10      1%          2
c - Kindle Blastsparks    Fire/Tloc/Air  54%        2d14      11%         3
d - Flame Wave            Conj/Fire      52%        2d13      6%          4
e - Sandblast             Erth           66%        2d15      2%          1
f - Sticky Flame          Conj/Fire      52%        2d7       6%          4

Your spell library contained the following spells:

 Spells                   Type           Power      Damage    Failure   Level
 Stone Arrow              Conj/Erth      80%        3d12      4%          3
 Inner Flame              Hex/Fire       35%        N/A       6%          3
 Necrotise                Necr           28%        1d5       11%         1
 Slow                     Hex            28%        N/A       11%         1
 Ensorcelled Hibernation  Hex/Ice        14%        N/A       17%         2
 Confusing Touch          Hex            7%         N/A       32%         3
 Spider Form              Tmut/Pois      7%         N/A       32%         3
 Vampiric Draining        Necr           7%         2d6       32%         3
 Anguish                  Hex/Necr       3%         N/A       73%         4
 Agony                    Necr           7%         N/A       97%         5


Dungeon Overview and Level Annotations

Branches:
Dungeon (8/15)             Temple (1/1) D:4          Bailey (1/1)
   Lair: D:8-11

Altars:
Ashenzari
Cheibriados
Dithmenos
Elyvilon
Fedhas
Gozag
Hepliaklqana
Kikubaaqudgha
Makhleb
Nemelex Xobeh
Okawaru
Qazlal
Ru
Sif Muna
Trog
Uskayaw
Vehumet
Wu Jian
Xom
Zin
The Shining One

Shops:
D:7 *

Annotations:
D:5 2 transporters, WhatIsLove's ghost, novice TeCj


Innate Abilities, Weirdness & Mutations

You are immune to sickness and miasma.
Your stone body is resilient. (AC +7)
You are immune to poison.
You resist negative energy. (rN+)
You are resistant to electric shocks. (rElec)
You are resistant to unholy torment.
You are immune to petrification.


Message History

The orc warriors go into a battle-frenzy!
The orc warrior is engulfed in a cloud of scalding steam.
The orc warrior closely misses you. The orc knight closely misses you.
The orc warrior hits you but does no damage. x2
The orc knight is engulfed in a cloud of scalding steam.
The orc knight hits you with a +0 halberd!
* * * LOW HITPOINT WARNING * * *
The orc warrior barely misses you.
Things that are here:
a +0 halberd; a +0 ring mail Unknown command.
You feel much better.
The orc warrior splashes around in the water.
The orc knight is engulfed in a cloud of scalding steam.
The orc knight misses you.
The orc warrior hits you with a +0 bardiche!!
Casting: Scorch (safe; 1% risk of failure)
Confirm with . or Enter, or press ? or * to list all spells.
Casting: Flame Wave (dangerous; 7% risk of failure)
Press: ? - help, Dir - look around, f - activate You feel a surge of power!
You miscast Flame Wave.
You are very lightly contaminated with residual magic.
Nothing appears to happen.
The orc warrior is engulfed in a cloud of scalding steam.
You kill the orc warrior!
Vehumet accepts your kill.
You feel your power returning.
You hear a splash. x2
The orc knight barely misses you.
The orc warrior hits you but does no damage.
Casting: Flame Wave (dangerous; 6% risk of failure)
Confirm with . or Enter, or press ? or * to list all spells.
Casting: Flame Wave (dangerous; 6% risk of failure)
Press: ? - help, Dir - look around, f - activate You feel a surge of power!
You miscast Flame Wave.
Nothing appears to happen.
The orc knight hits you with a +0 halberd.
The orc warrior hits you with a +0 bardiche!!
Ouch! That really hurt!
You die...

..###..~~..##########
.## ##..~~....))....#
##.∩.##..~~~~~oo~~~.#
#.... ##.......)..~.#
###+###'#########.~.#
.o. ##.~.# ≈≈§≈.
##..~.# .....≈§
##oo)~.# .⌠§§...
#..@~.∩# ..§.§.≈
#+#..~~.## ..§§§≈≈
##.##..~~.#
+...##..~.#
#.....##.~.#
##########.~.# #
##..........~.# ##
##..~~~~~~~~~~.# .##
##..~~..........#


You could see an orc knight and an orc warrior (strong).

Vanquished Creatures
  Erica (D:8)
  Sigmund (D:3)
  Grum (D:8)
  An acid dragon (D:8)
  A water moccasin (D:7)
  An ice beast (D:5)
  2 orc warriors
  2 ogres
  A sky beast (D:8)
  2 wolves (D:8)
  2 centaurs
  A kobold brigand (D:3)
  3 bullfrogs
  A gnoll sergeant (D:7)
  A necrophage (D:4)
  2 scorpions (D:4)
  4 wights (D:6)
  4 killer bees (D:8)
  2 howler monkeys
  5 crimson imps (D:4)
  4 orc priests
  5 hounds
  A gnoll bouda (D:8)
  5 iguanas
  Ijyb (D:3)
  Jessica (D:3)
  2 orc wizards (D:7)
  Robin (D:3)
  6 adders
  5 gnolls (D:8)
  2 shadow imps (D:7)
  2 white imps
  A worm (D:5)
  43 orcs
  14 bats
  An endoplasm (D:2)
  2 giant cockroaches
  16 hobgoblins
  2 jackals (D:4)
  7 ball pythons
  5 frilled lizards
  10 goblins
  12 kobolds
  6 rats
192 creatures vanquished.

Vanquished Creatures (others)
  437 foxfires
  6 plants (D:5)
443 creatures vanquished.

Grand Total: 635 creatures vanquished

Notes
Turn   | Place    | Note
-------+----------+-------------------------------------------
     0 | D:1      | funkygono the Gargoyle Fire Elementalist began the quest
                  | for the Orb.
     0 | D:1      | Reached XP level 1. HP: 10/10 MP: 3/3
   247 | D:1      | You fall into a shaft and drop 1 floor!
   247 | D:2      | Found a sparkling altar of Nemelex Xobeh.
   260 | D:2      | Found a faded altar of an unknown god.
   288 | D:2      | Reached XP level 2. HP: 10/15 MP: 0/5
   345 | D:2      | Learned a level 2 spell: Scorch
  1371 | D:2      | Reached XP level 3. HP: 19/19 MP: 3/6
  1375 | D:2      | Learned a level 3 spell: Kindle Blastsparks
  2232 | D:3      | Reached XP level 4. HP: 24/24 MP: 5/7
  2249 | D:3      | Noticed Robin
  2252 | D:3      | Killed Robin
  2471 | D:3      | Noticed a kobold brigand
  2630 | D:3      | Killed a kobold brigand
  2631 | D:3      | Reached skill level 1 in Maces & Flails
  2631 | D:3      | Reached skill level 4 in Fire Magic
  2631 | D:3      | Reached XP level 5. HP: 28/28 MP: 6/9
  2704 | D:3      | Noticed Ijyb
  2712 | D:3      | Killed Ijyb
  2779 | D:3      | Noticed Sigmund
  2780 | D:3      | Noticed Jessica
  2784 | D:3      | Killed Sigmund
  2785 | D:3      | Reached XP level 6. HP: 33/33 MP: 7/11
  2789 | D:3      | Killed Jessica
  2867 | D:3      | Learned a level 4 spell: Flame Wave
  2970 | D:4      | Reached skill level 5 in Fire Magic
  3079 | D:4      | Found a shadowy altar of Dithmenos.
  3094 | D:4      | Found a staircase to the Ecumenical Temple.
  3109 | Temple   | Entered the Ecumenical Temple
  3179 | Temple   | Became a worshipper of Vehumet
  3269 | D:4      | Reached XP level 7. HP: 37/37 MP: 11/13
  3372 | D:4      | Found a glowing golden altar of the Shining One.
  3372 | D:4      | Found a sparkling altar of Nemelex Xobeh.
  3372 | D:4      | Found a snail-covered altar of Cheibriados.
  3372 | D:4      | Found a bloodstained altar of Trog.
  3378 | D:4      | Found a broken altar of Ashenzari.
  3378 | D:4      | Found a blossoming altar of Fedhas.
  3438 | D:4      | Found a shimmering altar of Xom.
  3475 | D:4      | Reached skill level 1 in Fighting
  3661 | D:4      | Reached * piety under Vehumet
  3661 | D:4      | Offered knowledge of Sandblast by Vehumet.
  3662 | D:4      | Reached XP level 8. HP: 39/43 MP: 9/15
  3664 | D:4      | Learned a level 1 spell: Sandblast
  3669 | D:4      | Learned a level 4 spell: Sticky Flame
  3920 | D:5      | Entered Level 5 of the Dungeon
  3993 | D:5      | Reached skill level 6 in Fire Magic
  4126 | D:5      | Reached skill level 5 in Spellcasting
  4509 | D:5      | Found a transporter.
  4540 | D:5      | Identified the +7 trident of the Boiling Point {venom,
                  | Will+ Dex+2}
  4540 | D:5      | Identified the +3 buckler of Ybeilij {Drain rPois Str+4}
  4989 | D:5      | Found a transporter.
  4995 | D:5      | Identified the ring "Pecureta" {rC- rN+ Dex+4 Stlth+}
  4999 | D:5      | Noticed WhatIsLove's ghost (novice TeCj)
  5303 | D:6      | Reached skill level 7 in Fire Magic
  5303 | D:6      | Reached XP level 9. HP: 24/48 MP: 10/18
  5635 | D:6      | Found a white marble altar of Elyvilon.
  5882 | D:6      | Reached skill level 5 in Conjurations
  6564 | D:7      | Found Nousih's Fire Supplies.
  6675 | D:7      | Offered knowledge of Shock by Vehumet.
  6676 | D:7      | Reached skill level 1 in Earth Magic
  6679 | D:7      | Reached ** piety under Vehumet
  7070 | D:8      | Noticed Erica
  7081 | D:8      | Noticed Grum
  7083 | D:8      | Killed Erica
  7084 | D:8      | Reached XP level 10. HP: 55/55 MP: 10/21
  7094 | D:8      | Killed Grum
  7109 | D:8      | Reached skill level 8 in Fire Magic
  7178 | D:8      | Found a flagged portal.
  7187 | Bailey   | Entered a bailey
  7238 | Bailey   | Offered knowledge of Stone Arrow by Vehumet.
  7612 | Bailey   | Noticed an orc knight
  7663 | Bailey   | Mangled by an orc warrior

Illustrated notes

Levels and vault maps discovered:
D:1:      lightli_arrival_maybe_door_vault, layout_loops_corners
D:2:      wad_pebble_path, layout_loops_ring, basic_altar,
          hellmonk_ecumenical_altar_arch_garden
D:3:      cheibrodos_thug_alley, layout_basic, kennysheep_potato, uniq_robin,
          uniq_sigmund, uniq_jessica, uniq_ijyb
D:4:      layout_rooms, nicolae_dithmenos_through_a_glass_darkly, led_xom_imps,
          minmay_overflow_temple_hex, minmay_temple_entry_glass, st_stairs_14,
          grunt_ministairs_15, skrybe_limestone_x, minmay_fire_ice_demons
D:5:      layout_loops_corners, gammafunk_ghost_gnarly_gnolls
D:6:      layout_loops_corners, nicolae_overflow_crystal_walls
D:7:      minmay_octagon_keep, layout_gridville, nicolae_shop_fire_sale
          [nicolae_sub_dead_trees], mrwooster_statue_mirror
D:8:      layout_loops_corners, enter_bailey_2, uniq_grum, uniq_maurice,
          uniq_erica, uniq_joseph
Temple:   nicolae_temple_godzebo
Bailey:   bailey_polearm_1, bailey

Skill      XL: |  1  2  3  4  5  6  7  8  9 10 |
---------------+-------------------------------+-----
Conjurations   | 2 3 4 5 |  5.9
Maces & Flails | 1 2 3 4 |  4.8
Dodging        | 2 3 |  3.3
Spellcasting   | 3 4 6 7 |  7.8
Fire Magic     | 4 5 7 8 |  8.0
Fighting       | 1 2 3 |  3.0
Earth Magic    | 3 |  3.5
Stealth        | |  2.1

Action                   |  1- 3 |  4- 6 |  7- 9 | 10-12 || total
-------------------------+-------+-------+-------+-------++-------
Melee: Unarmed           |     6 |       |       |       ||     6
       Club              |     4 |       |       |       ||     4
       Mace              |    17 |     5 |    86 |       ||   108
       Punch             |       |       |     2 |       ||     2
       Dire flail        |       |       |    18 |       ||    18
       Staff             |       |       |     4 |     3 ||     7
 Cast: Foxfire           |    62 |    61 |    84 |    45 ||   252
       Scorch            |     3 |     5 |    28 |     9 ||    45
       Flame Wave        |       |       |    11 |     3 ||    14
       Sandblast         |       |       |    12 |     6 ||    18
  Use: Scroll            |       |     8 |     9 |       ||    17
       Potion            |       |       |     1 |     3 ||     4
 Stab: Invisible         |       |       |     3 |       ||     3
Armor: Robe              |    27 |     4 |    85 |     5 ||   121
       Leather armour    |       |       |       |     7 ||     7
Dodge: Dodged            |    50 |     5 |   144 |    23 ||   222

Table legend: (Time is in decaauts)
 A = Elapsed time spent in this place.
 B = Non-inter-level travel time spent in this place.
 C = Inter-level travel time spent in this place.
 D = Time resting spent in this place.
 E = Time spent auto-exploring this place.
 F = Levels seen in this place.
 G = Mean time per level.
                   A        B        C        D        E       F      G
               +--------+--------+--------+--------+--------+-----+--------+
         Total |   7730 |   7418 |    312 |    601 |   4735 |  10 |  773.0 |
       Dungeon |   7136 |   6827 |    309 |    464 |   4642 |   8 |  892.0 |
        Temple |    111 |    109 |      2 |      0 |     93 |   1 |  111.0 |
        Bailey |    482 |    482 |      0 |    137 |      0 |   1 |  482.0 |
               +--------+--------+--------+--------+--------+-----+--------+

Top non-repeatable levels by time:
     D:5: 1257 daAuts
     D:1: 1071 daAuts
     D:3: 1024 daAuts
     D:6: 1019 daAuts
     D:4: 895 daAuts
     D:2: 862 daAuts
     D:7: 716 daAuts
  Bailey: 482 daAuts
     D:8: 288 daAuts
  Temple: 111 daAuts
